 Dungeon Crawl Stone Soup version 0.30-a0-618-gd6c86c23d0 (webtiles) character file.

Game seed: 5164930335762094980

6039 Juicyj the Nimble (level 11, -2/65 HPs)
             Began as a Djinni Fire Elementalist on Jan 9, 2023.
             Was a Believer of Makhleb.
             Slain by a wight
             ... wielding a +4 spear
              (12 damage)
             ... on level 8 of the Dungeon.
             The game lasted 00:34:07 (10790 turns).

Juicyj the Nimble (Djinni Fire Elementalist)       Turns: 10790, Time: 00:34:08

Health: -2/65      AC:  2    Str:  6 (7)  XL:     11   Next: 11%
Gold:   405        EV: 17    Int: 24 (26) God:    Makhleb [**....] SH:  0 Dex: 17 (18)

rFire   + + +      SeeInvis +    n - staff of fire
rCold   . . .      Faith    .    (no shield)
rNeg    + . .      Spirit   .    a - +0 robe
rPois   ∞          Reflect  .    (helmet restricted)
rElec   .          Harm     .    (no cloak)
rCorr   .          Rampage  .    (no gloves)
Will    ++...                    (boots unavailable)
Stlth   ++++                     e - amulet of regeneration
HPRegen 1.10/turn                o - ring of protection from cold
MPRegen 0.00/turn                k - ring "Otteos" {rN+ Will+ Int+6 Dex+3 SInv}

@: flying
A: sickness immunity, fire resistance 2, cold vulnerability 1, float, innate
caster, HP casting, extra vitality 1, horns 1
a: Renounce Religion, Minor Destruction


You were on level 8 of the Dungeon.
You worshipped Makhleb.
Makhleb was pleased with you.
You visited 2 branches of the dungeon, and saw 9 of its levels.
You also visited: Ossuary.

You collected 405 gold pieces.

Inventory:

Armour
 a - a +0 robe (worn)
Magical Staves
 n - a staff of fire (weapon)
Jewellery
 d - a ring of magical power
 e - an amulet of regeneration (around neck)
 f - a ring of ice
 j - a ring of wizardry
 k - the ring "Otteos" (right hand) {rN+ Will+ Int+6 Dex+3 SInv}
   (You found it on level 4 of the Dungeon)

   [ring of intelligence]

   Int:       It affects your intelligence (+6).
   Dex:       It affects your dexterity (+3).
   rN:        It protects you from negative energy.
   SInv:      It lets you see invisible.
   Will:      It increases your willpower.
 o - a ring of protection from cold (left hand)
Wands
 i - a wand of flame (17)
 m - a wand of paralysis (1)
Scrolls
 c - a scroll of brand weapon
 h - 2 scrolls of magic mapping
 l - a scroll of silence
 p - 2 scrolls of immolation
 t - 2 scrolls of identify
 u - a scroll of enchant weapon
 w - a scroll of teleportation
 x - 2 scrolls of amnesia {unknown}
Potions
 b - a potion of magic
 g - 3 potions of brilliance
 q - a potion of heal wounds
 r - a potion of haste
 v - a potion of degeneration


   Skills:
 + Level 9.2 Dodging
 + Level 7.7 Stealth
 + Level 6.8 Spellcasting
 + Level 7.3 Evocations


You couldn't memorise any spells.
You knew the following spells:

 Your Spells              Type           Power      Damage    Failure   Level
a - Foxfire               Conj/Fire      100%       2x1d9     1%          1
b - Scorch                Fire           100%       2d10      1%          2
c - Kindle Blastsparks    Fire/Tloc/Air  100%       2d18      1%          3
d - Inner Flame           Hex/Fire       57%        N/A       1%          3
e - Flame Wave            Conj/Fire      57%        2d14      4%          4
f - Necrotise             Necr           100%       1d9       1%          1
g - Wereblood             Tmut           40%        N/A       1%          2
h - Passwall              Tmut/Erth      33%        N/A       1%          2
i - Summon Ice Beast      Ice/Summ       40%        N/A       4%          4
j - Passage of Golubria   Tloc           40%        N/A       4%          4
Your spell library was empty.

Dungeon Overview and Level Annotations

Branches:
Dungeon (8/15)             Temple (1/1) D:6         Ossuary (visited)
   Lair: D:8-11

Altars:
Ashenzari
Cheibriados
Dithmenos
Elyvilon
Fedhas
Gozag
Hepliaklqana
Makhleb
Nemelex Xobeh
Okawaru
Qazlal
Ru
Trog
Uskayaw
Wu Jian
Xom
Yredelemnul
Zin
The Shining One

Shops:
D:2 :   D:4 *[[:*   D:6 =   D:7 *

Annotations:
D:4 1 runed translucent door, wormed's ghost, amateur KoBr


Innate Abilities, Weirdness & Mutations

You are immune to sickness and miasma.
You are immune to poison.
Your flesh is very heat resistant. (rF++)
You are vulnerable to cold. (rC-)
You float through the air rather than walking.
You learn spells naturally, not from books.
Your magical power is your life essence.
You have superior vitality. (+4 MHP)
You have a pair of small horns on your head.


Message History

The wight is almost destroyed.
The wight misses you. The wight completely misses you.
A wave of flame ripples out!
The flame wave engulfs the wight!
The wight is heavily damaged.
The flame wave engulfs the wight!!
You destroy the wight!
Makhleb accepts your kill.
You feel better.
The flame wave engulfs the wight.
The wight is moderately damaged.
The flame wave engulfs the wight!
You destroy the wight!
Makhleb accepts your kill.
You feel better. The wight closely misses you. The wight barely misses you.
You feel your dexterity returning.
A wave of flame ripples out!
The flame wave engulfs the wight but does no damage.
The wight is heavily damaged.
The flame wave engulfs the wight.
The wight is heavily damaged.
The flame wave engulfs the wight!
The wight is heavily damaged.
You finish channelling waves of flame.
The wight closely misses you. x2
The wight hits you from afar with a +5 trident.
The wight misses you.
The wight hits you with a +0 long sword.
The wight closely misses you.
Casting: Flame Wave (dangerous; 4% risk of failure)
Confirm with . or Enter, or press ? or * to list all spells.
Casting: Flame Wave (dangerous; 4% risk of failure)
Press: ? - help, Dir - look around, f - activate You feel a surge of power!
A wave of flame ripples out!
The flame wave engulfs the wight!
You destroy the wight!
Makhleb accepts your kill.
You feel better. (Press . to intensify the flame waves.)
The wight hits you from afar with a +5 trident!
* * * LOW HITPOINT WARNING * * *
The wight hits you from afar with a +4 spear!
You die...

....... ......
..... #...# #...'
. #.zz# ..
##.))#####...
#>..@........
####.#.......
#...#############
##..#.#...#.#...
.
##.##)#..#)...##.
#.#.#)...#.).)§.
#.##.#..#.).#§#
#.#.#...#.#§..#
#.###.### #####


You could see 2 wights.

Vanquished Creatures
  A cyclops (D:6)
  Maggie (D:6)
  2 wraiths (Ossuary)
  2 yaks
  2 steam dragons
  3 water moccasins
  A black bear (D:6)
  6 sky beasts
  2 orc warriors (D:8)
  4 ice beasts
  2 ogres (D:5)
  3 centaurs
  2 phantoms
  A kobold brigand (D:6)
  3 necrophages
  A gnoll sergeant (D:8)
  5 bullfrogs
  2 scorpions
  10 wights
  A killer bee (D:8)
  2 howler monkeys
  An electric eel (D:7)
  3 jellies
  6 orc priests
  A hound (D:4)
  A gnoll bouda (D:6)
  An iguana (D:5)
  11 orc wizards
  10 adders
  8 gnolls
  A shadow imp (D:6)
  3 white imps
  2 ufetubi (D:6)
  3 adder zombies (Ossuary)
  3 dart slugs
  30 orcs
  3 endoplasms
  4 giant cockroaches
  5 goblins
  7 hobgoblins
  7 jackals
  4 kobolds
  5 quokkas
  11 ball pythons
  5 bats
  2 frilled lizards (D:1)
  A hobgoblin skeleton (Ossuary)
  3 orc skeletons (Ossuary)
  An orc zombie (Ossuary)
  10 rats
208 creatures vanquished.

Vanquished Creatures (collateral kills)
  A scorpion (D:6)
  A hound (D:6)
  An orc (D:6)
  8 foxfires (D:7)
11 creatures vanquished.

Vanquished Creatures (others)
  434 foxfires
434 creatures vanquished.

Grand Total: 653 creatures vanquished

Notes
Turn   | Place    | Note
-------+----------+-------------------------------------------
     0 | D:1      | Juicyj the Djinni Fire Elementalist began the quest for the
                  | Orb.
     0 | D:1      | Juicyj set off with the following spells memorised:
                  | Foxfire, Scorch, Kindle Blastsparks, Inner Flame, Flame
                  | Wave.
     0 | D:1      | Reached XP level 1. HP: 15/15 MP: 0/0
   209 | D:1      | Reached XP level 2. HP: 20/21 MP: 0/0
   741 | D:1      | Found a faded altar of an unknown god.
  1015 | D:1      | Reached XP level 3. HP: 24/25 MP: 0/0
  1015 | D:1      | Learned a level 1 spell: Necrotise
  1265 | D:2      | Found Ravor's Book Boutique.
  1290 | D:2      | Found a bloodstained altar of Trog.
  1392 | D:2      | Reached skill level 3 in Dodging
  2339 | D:3      | Reached XP level 4. HP: 26/31 MP: 0/0
  3530 | D:3      | Reached XP level 5. HP: 26/35 MP: 0/0
  3530 | D:3      | Learned a level 2 spell: Wereblood
  3616 | D:4      | Found Ufreoliorgh's Armour Boutique.
  3729 | D:4      | Found Pajap's Assorted Antiques.
  3918 | D:4      | Found Dieshr Sydiys's Antique Armour Shoppe.
  3984 | D:4      | Found Ukauwar's Book Shop.
  4052 | D:4      | Reached skill level 4 in Dodging
  4052 | D:4      | Reached XP level 6. HP: 17/40 MP: 0/0
  4149 | D:4      | Identified the ring "Otteos" {rN+ Will+ Int+6 Dex+3 SInv}
  4263 | D:4      | Found a shadowy altar of Dithmenos.
  4336 | D:4      | Found Hokhieq's Assorted Antiques.
  4353 | D:4      | Found a runed translucent door.
  4353 | D:4      | Noticed wormed's ghost (amateur KoBr)
  5113 | D:5      | Entered Level 5 of the Dungeon
  5180 | D:5      | Noticed an ogre
  5188 | D:5      | Killed an ogre
  5189 | D:5      | Reached skill level 1 in Evocations
  5189 | D:5      | Reached XP level 7. HP: 43/45 MP: 0/0
  5189 | D:5      | Learned a level 2 spell: Passwall
  5343 | D:5      | Reached skill level 5 in Dodging
  5362 | D:5      | Found a hide-covered altar of Uskayaw.
  5556 | D:5      | Found a sand-covered staircase.
  5567 | Ossuary  | Entered an ossuary
  5633 | Ossuary  | Reached XP level 8. HP: 45/50 MP: 0/0
  5836 | Ossuary  | Noticed a wraith
  5836 | Ossuary  | Noticed a flying skull
  5845 | Ossuary  | Noticed a flying skull
  5863 | Ossuary  | Noticed a flying skull
  5891 | Ossuary  | Noticed a flying skull
  5899 | Ossuary  | Noticed a wraith
  5917 | Ossuary  | Killed a wraith
  6250 | Ossuary  | Noticed a wraith
  6264 | Ossuary  | Killed a wraith
  6513 | Ossuary  | Reached skill level 6 in Dodging
  6673 | D:5      | Found a burning altar of Makhleb.
  6685 | D:5      | Found a stormy altar of Qazlal.
  6710 | D:5      | Became a worshipper of Makhleb the Destroyer
  6834 | D:5      | Found a shimmering altar of Xom.
  6897 | D:5      | Reached skill level 5 in Stealth
  7096 | D:5      | Reached XP level 9. HP: 48/55 MP: 0/0
  7096 | D:5      | Learned a level 4 spell: Summon Ice Beast
  7390 | D:5      | Gained mutation: You have a pair of small horns on your
                  | head. [potion of mutation]
  7432 | D:6      | Found a staircase to the Ecumenical Temple.
  7439 | D:6      | Reached skill level 5 in Spellcasting
  7559 | D:6      | Reached skill level 7 in Dodging
  7705 | Temple   | Entered the Ecumenical Temple
  7783 | D:6      | Reached skill level 5 in Evocations
  7915 | D:6      | Found Jexox's Jewellery Shoppe.
  7995 | D:6      | Noticed Maggie
  8011 | D:6      | Killed Maggie
  8011 | D:6      | Reached * piety under Makhleb
  8012 | D:6      | Reached XP level 10. HP: 39/60 MP: 0/0
  8232 | D:6      | Noticed a cyclops
  8280 | D:6      | Reached skill level 8 in Dodging
  8522 | D:6      | Killed a cyclops
  9339 | D:7      | Found Rempeb's Serpentskin Sales.
  9418 | D:7      | Found a sparkling altar of Nemelex Xobeh.
  9579 | D:7      | Found a white marble altar of Elyvilon.
  9929 | D:7      | Reached ** piety under Makhleb
 10220 | D:7      | Found a bloodstained altar of Trog.
 10272 | D:8      | Reached skill level 9 in Dodging
 10322 | D:8      | Reached XP level 11. HP: 25/65 MP: 0/0
 10322 | D:8      | Learned a level 4 spell: Passage of Golubria
 10790 | D:8      | Slain by a wight

Illustrated notes

Levels and vault maps discovered:
D:1:      dpeg_arrival_ratfight, layout_loops_corners,
          dreamdust_ecumenical_altar_statues
D:2:      layout_rooms, basic_altar, serial_shops, shop, eino_tiny_chamber
D:3:      minmay_general_purpose_star, layout_loops_corners,
          kennysheep_generic_room_4
D:4:      layout_basic, grunt_dithmenos_smoke_and_mirrors, serial_shops, shop,
          nicolae_take_the_stairs, nicolae_stop_n_shop_1, nicolae_diamond_shop,
          nicolae_shop_behind_doors, ebering_ghost_inner_flame,
          minmay_checkerbox
D:5:      layout_gridville, nicolae_overflow_quartered_altars,
          lightli_ossuary_entry_decrepit_ruins
D:6:      minmay_clustersquares, layout_cave_pools,
          minmay_temple_entry_large_hall, serial_shops, shop, uniq_maggie
D:7:      layout_loops_cross, kennysheep_mini_moat,
          mainiacjoe_overflow_alcove_2, nicolae_elyvilon_temple_path,
          guppyfry_shop_venom
D:8:      minmay_the_grid_square_5x5_3x3 [minmay_the_grid_square_5x5_misaligned,
          minmay_the_grid_square_5x5_plus,
          minmay_the_grid_square_5x5_half_checkered,
          minmay_the_grid_square_5x5_forky,
          minmay_the_grid_square_5x5_megaprize_crossed,
          minmay_the_grid_square_5x5_mess,
          minmay_the_grid_square_5x5_checkered_statues,
          minmay_the_grid_square_5x5_tri_point,
          minmay_the_grid_square_5x5_bite], layout_basic, led_sif_book
Temple:   nicolae_temple_x_marks_the_god

Skill      XL: |  1  2  3  4  5  6  7  8  9 10 |
---------------+-------------------------------+-----
Stealth        | 2 3 4 5 6 7 |  7.7
Dodging        | 3 4 5 6 7 9 |  9.2
Spellcasting   | 3 4 5 6 |  6.8
Evocations     | 1 2 4 5 7 |  7.3

Action                   |  1- 3 |  4- 6 |  7- 9 | 10-12 || total
-------------------------+-------+-------+-------+-------++-------
Melee: Unarmed           |     9 |       |       |       ||     9
       Staff             |       |       |     3 |    14 ||    17
       Headbutt          |       |       |       |     3 ||     3
       Punch             |       |       |       |     1 ||     1
 Cast: Foxfire           |    39 |    21 |    72 |   143 ||   275
       Kindle Blastspark |    14 |    18 |    14 |     3 ||    49
       Scorch            |    10 |    28 |    36 |    42 ||   116
       Necrotise         |       |     4 |     7 |       ||    11
       Flame Wave        |       |       |     2 |     4 ||     6
       Summon Ice Beast  |       |       |     1 |       ||     1
Evoke: Wand              |       |       |    25 |    11 ||    36
  Use: Scroll            |     5 |     6 |     8 |     3 ||    22
       Potion            |     4 |     1 |     3 |     4 ||    12
 Stab: Paralysed         |       |       |       |     6 ||     6
Armor: Robe              |     4 |     1 |     4 |     5 ||    14
Dodge: Dodged            |    30 |     6 |    30 |    86 ||   152

Table legend: (Time is in decaauts)
 A = Elapsed time spent in this place.
 B = Non-inter-level travel time spent in this place.
 C = Inter-level travel time spent in this place.
 D = Time resting spent in this place.
 E = Time spent auto-exploring this place.
 F = Levels seen in this place.
 G = Mean time per level.
                   A        B        C        D        E       F      G
               +--------+--------+--------+--------+--------+-----+--------+
         Total |  10807 |  10568 |    239 |   3554 |   5355 |  10 | 1080.7 |
       Dungeon |   9665 |   9433 |    232 |   2802 |   5223 |   8 | 1208.1 |
        Temple |     66 |     59 |      7 |      0 |     54 |   1 |   66.0 |
       Ossuary |   1075 |   1075 |      0 |    752 |     78 |   1 | 1075.0 |
               +--------+--------+--------+--------+--------+-----+--------+

Top non-repeatable levels by time:
     D:3: 1810 daAuts
     D:4: 1495 daAuts
     D:6: 1478 daAuts
     D:5: 1261 daAuts
     D:7: 1258 daAuts
     D:1: 1099 daAuts
 Ossuary: 1075 daAuts
     D:2: 704 daAuts
     D:8: 556 daAuts
  Temple: 66 daAuts
